 Dungeon Crawl Stone Soup version 0.21.1-1-g345015f (webtiles) character file.

131 Flooderbenga the Grave Robber (level 5, -6/55 HPs)
             Began as a Gnoll Necromancer on Apr 6, 2018.
             Mangled by an ogre
             ... wielding a +0 giant spiked club
              (18 damage)
             ... on level 6 of the Dungeon.
             The game lasted 00:22:21 (354 turns).

Flooderbenga the Grave Robber (Gnoll Necromancer)    Turns: 354, Time: 00:22:22

Health: -6/55      AC: 22    Str: 12    XL:     5   Next: 14%
Magic:  3/12       EV:  2    Int: 18    God:
Gold:   48         SH:  0    Dex: 16    Spells: 9/14 levels left

rFire    . . .     SeeInvis .   r - +4 spear
rCold    . . .     Gourm    .   (no shield)
rNeg     + + +     Faith    .   (armour currently unavailable)
rPois    +         Spirit   .   (helmet currently unavailable)
rElec    .         Reflect  .   (cloak currently unavailable)
rCorr    .         Harm     .   (gloves currently unavailable)
MR       .....     NoTele   +   (boots currently unavailable)
Stlth    +++.......             (no amulet)
HPRegen  0.18/turn              j - +5 ring of slaying
MPRegen  0.13/turn              (no ring)

@: tree-form (expiring)
A: distributed training, strong 1, MP-powered wands, strong nose
a: no special abilities


You were on level 6 of the Dungeon.
You were not hungry.
You were a tree.
You visited 1 branch of the dungeon, and saw 6 of its levels.

You collected 48 gold pieces.

Inventory:

Hand Weapons
 a - a +0 dagger
 k - a +1 whip of pain
 r - a +4 spear (weapon)
Missiles
 d - a stone (quivered)
 f - 28 sling bullets
Armour
 g - a +0 robe
 l - a +0 leather armour (melded)
Jewellery
 j - a +5 ring of slaying (left branch)
Wands
 q - a wand of disintegration (16)
Scrolls
 e - a scroll of enchant weapon {unknown}
 i - a scroll of remove curse {@r2}
 p - a scroll of blinking {unknown}
Potions
 h - a potion of lignification
Books
 b - a book of Necromancy

   Spells                             Type                      Level
   a - Pain                           Necromancy                   1
   b - Animate Skeleton               Necromancy                   1
   c - Vampiric Draining              Necromancy                   3
   d - Regeneration                   Charms/Necromancy            3
   e - Animate Dead                   Necromancy                   4
   f - Borgnjor's Vile Clutch         Necromancy/Earth             5
Comestibles
 c - a ration


   Skills:
 + Level 1.3 Fighting
 + Level 1.3 Short Blades
 + Level 1.3 Long Blades
 + Level 1.3 Axes
 + Level 1.3 Maces & Flails
 + Level 1.3 Polearms
 + Level 1.3 Staves
 + Level 1.3 Slings
 + Level 1.3 Bows
 + Level 1.3 Crossbows
 + Level 1.3 Throwing
 + Level 1.3 Armour
 + Level 4.7 Dodging
 + Level 4.3 Stealth
 + Level 1.3 Shields
 + Level 1.3 Unarmed Combat
 + Level 5.1 Spellcasting
 + Level 1.1 Conjurations
 + Level 1.1 Hexes
 + Level 1.1 Charms
 + Level 1.1 Summonings
 + Level 7.1 Necromancy
 + Level 1.1 Translocations
 + Level 1.1 Transmutations
 + Level 1.1 Fire Magic
 + Level 1.1 Ice Magic
 + Level 1.1 Air Magic
 + Level 1.1 Earth Magic
 + Level 1.1 Poison Magic
 + Level 1.5 Invocations
 + Level 1.3 Evocations


You had 9 spell levels left.
You knew the following spells:

 Your Spells              Type           Power        Failure   Level  Hunger
a - Pain                  Necr           ####         1%          1    None
b - Animate Skeleton      Necr           N/A          1%          1    None
r - Regeneration          Chrm/Necr      ###.......   7%          3    ##.....


Dungeon Overview and Level Annotations

Branches:
Dungeon (6/15)
 Temple: D:4-7

Altars:


Innate Abilities, Weirdness & Mutations

Your experience applies equally to all skills.
((You have very sharp teeth.))
Your uncanny sense of smell can sniff out nearby items.
((You are partially covered in icy blue scales. (AC +2)))
Your muscles are strong. (Str +2)
You expend magic power (3 MP) to strengthen your wands.


Message History

The howler monkey zombie hits you but does no damage.
You take 3 damage, and have 12/55 hp.
You now have 6/12 mp.
Aim: an ogre, wielding a giant spiked club (heavily wounded, chance to defeat MR: 84%)
The ogre writhes in agony!
The gnoll hits you but does no damage.
The howler monkey zombie hits you but does no damage.
The ogre hits you but does no damage. The gnoll hits you but does no damage.
You now have 5/12 mp.
Aim: an ogre, wielding a giant spiked club (heavily wounded, chance to defeat MR: 84%)
The ogre barely resists.
The gnoll hits you with a flail.
* * * LOW HITPOINT WARNING * * *
The howler monkey zombie hits you but does no damage.
You now have 4/12 mp.
Aim: an ogre, wielding a giant spiked club (heavily wounded, chance to defeat MR: 84%)
The ogre writhes in agony!
The ogre barely misses you. The gnoll hits you but does no damage.
The howler monkey zombie hits you but does no damage.
Aim: an ogre, wielding a giant spiked club (severely wounded, chance to defeat MR: 84%)
The ogre barely resists.
The gnoll hits you but does no damage.
The ogre hits you with a giant spiked club!!
You die...

∆ ... ... ##..####..
%#)#.#.. .....#
##.#.## #.....# ##
######<#.#####
##Z####(...........#
#oO♣......##†#.#....
#.g###..............
#). #..####.#.#....
#.. #..# ......###
#.. #..# .#.#.#.#
... [.........o.#
.... ...... #.#.###
#.###...... o..
.######


You could see an ogre, a gnoll, an orc and a howler monkey zombie.

Vanquished Creatures
  A gnoll shaman (D:6)
  A bullfrog skeleton (D:5)
  A worker ant (D:4)
  2 gnolls (D:6)
  An adder (D:3)
  An ooze (D:6)
  A ball python (D:2)
  2 bats (D:1)
  2 giant cockroaches
  A goblin (D:1)
  3 hobgoblins
  3 kobolds (D:1)
  2 quokkas
  A rat (D:2)
22 creatures vanquished.

Notes
Turn   | Place    | Note
-------+----------+-------------------------------------------
     0 | D:1      | Flooderbenga the Gnoll Necromancer began the quest for the Orb.
     0 | D:1      | Reached XP level 1. HP: 13/13 MP: 6/6
    78 | D:1      | Reached XP level 2. HP: 16/19 MP: 5/7
   215 | D:5      | Entered Level 5 of the Dungeon
   215 | D:5      | Noticed an ogre
   222 | D:4      | Reached skill level 5 in Spellcasting
   222 | D:4      | Reached XP level 3. HP: 13/25 MP: 4/9
   228 | D:4      | Learned a level 3 spell: Regeneration
   231 | D:4      | Learned a level 1 spell: Animate Skeleton
   258 | D:3      | Reached skill level 1 in Invocations
   292 | D:5      | Reached skill level 1 in Fighting
   292 | D:5      | Reached skill level 1 in Short Blades
   292 | D:5      | Reached skill level 1 in Long Blades
   292 | D:5      | Reached skill level 1 in Axes
   292 | D:5      | Reached skill level 1 in Maces & Flails
   292 | D:5      | Reached skill level 1 in Polearms
   292 | D:5      | Reached skill level 1 in Staves
   292 | D:5      | Reached skill level 1 in Slings
   292 | D:5      | Reached skill level 1 in Bows
   292 | D:5      | Reached skill level 1 in Crossbows
   292 | D:5      | Reached skill level 1 in Throwing
   292 | D:5      | Reached skill level 1 in Armour
   292 | D:5      | Reached skill level 1 in Shields
   292 | D:5      | Reached skill level 1 in Unarmed Combat
   292 | D:5      | Reached skill level 1 in Evocations
   292 | D:5      | Reached XP level 4. HP: 27/32 MP: 8/11
   322 | D:6      | Gained mutation: Your muscles are strong. (Str +2) [potion of mutation]
   322 | D:6      | Gained mutation: You expend magic power (3 MP) to strengthen your wands. [potion of mutation]
   322 | D:6      | Gained mutation: You are partially covered in icy blue scales. (AC +2) [potion of mutation]
   334 | D:6      | Noticed an ogre
   337 | D:6      | Reached skill level 1 in Conjurations
   337 | D:6      | Reached skill level 1 in Hexes
   337 | D:6      | Reached skill level 1 in Charms
   337 | D:6      | Reached skill level 1 in Summonings
   337 | D:6      | Reached skill level 1 in Translocations
   337 | D:6      | Reached skill level 1 in Transmutations
   337 | D:6      | Reached skill level 1 in Fire Magic
   337 | D:6      | Reached skill level 1 in Ice Magic
   337 | D:6      | Reached skill level 1 in Air Magic
   337 | D:6      | Reached skill level 1 in Earth Magic
   337 | D:6      | Reached skill level 1 in Poison Magic
   340 | D:6      | Reached XP level 5. HP: 36/37 MP: 10/12
   354 | D:6      | Mangled by an ogre

Skill      XL: |  1  2  3  4 |
---------------+-------------+-----
Spellcasting   | 5 |  5.1
Invocations    | 1 |  1.5
Fighting       | 1 |  1.3
Short Blades   | 1 |  1.3
Long Blades    | 1 |  1.3
Axes           | 1 |  1.3
Maces & Flails | 1 |  1.3
Polearms       | 1 |  1.3
Staves         | 1 |  1.3
Slings         | 1 |  1.3
Bows           | 1 |  1.3
Crossbows      | 1 |  1.3
Throwing       | 1 |  1.3
Armour         | 1 |  1.3
Shields        | 1 |  1.3
Unarmed Combat | 1 |  1.3
Evocations     | 1 |  1.3
Conjurations   | 1 |  1.1
Hexes          | 1 |  1.1
Charms         | 1 |  1.1
Summonings     | 1 |  1.1
Translocations | 1 |  1.1
Transmutations | 1 |  1.1
Fire Magic     | 1 |  1.1
Ice Magic      | 1 |  1.1
Air Magic      | 1 |  1.1
Earth Magic    | 1 |  1.1
Poison Magic   | 1 |  1.1
Dodging        | |  4.7
Stealth        | |  4.3
Necromancy     | |  7.1

Action                   |  1- 3 |  4- 6 || total
-------------------------+-------+-------++-------
Melee: Spear             |     4 |    13 ||    17
       Dagger            |     1 |     1 ||     2
       Unarmed           |       |     4 ||     4
 Cast: Pain              |    19 |    11 ||    30
       Regeneration      |     1 |       ||     1
  Use: Scroll            |     3 |     1 ||     4
       Potion            |       |     2 ||     2
 Stab: Sleeping          |     1 |     1 ||     2
Armor: Skin              |       |    44 ||    44
Dodge: Dodged            |     6 |     6 ||    12
